[Event "*** Titled Tuesday Blitz"]
[Site "Chess.com"]
[Date "2021.02.09"]
[Round "2"]
[White "GadimbayliA"]
[Black "Xeniya2005"]
[Result "1-0"]
[WhiteElo "2853"]
[BlackElo "2351"]
[TimeControl "180+1"]
[EndTime "10:19:04 PST"]
[Termination "GadimbayliA won by resignation"]

1. e4 e6 2. d4 d5 3. Nd2 c5 4. exd5 Qxd5 5. Ngf3 cxd4 6. Bc4 Qd6 7. O-O Nf6 8. Nb3 Nc6 9. Nbxd4 Nxd4 10. Nxd4 Be7 11. Re1 O-O 12. c3 Qc7 13. Bd3 Bd7 14. Qf3 Rfe8 15. Bg5 a6 16. Rad1 Rad8 17. h3 Nd5 18.
Bxe7 Nxe7 19. Qh5 Ng6 20. Nf3 e5 21. Ng5 h6 22. Ne4 Nf4 23. Qh4 Nxd3 24. Rxd3 Bf5 25.
Rde3 Bg6 26. R3e2 f5 27. Qg3 Qf7 28. Nc5 b6 29. Nb3 f4 30. Qh4 e4 31. Nd4 Kh7 32.
a3 Re7 33. Nc6 Rde8 34. Nxe7 Rxe7 35. g3 f3 36. Re3 Bf5 37. g4 Bg6 38. Qg3 Re8 39.
h4 h5 40. gxh5 Bf5 41. Qg5 Re6 42. Kh1 Rh6 43. Rxe4 Bxe4 44. Rxe4 Rxh5 45. Qg4 g5 46. Qg3 Qd5 47. Qxf3 Rxh4+ 48. Rxh4+ 1-0

[Event "*** Titled Tuesday Blitz"]
[Site "Chess.com"]
[Date "2021.02.09"]
[Round "2"]
[White "enriquetejedor"]
[Black "Fandorine"]
[Result "0-1"]
[WhiteElo "2525"]
[BlackElo "2862"]
[TimeControl "180+1"]
[EndTime "10:19:06 PST"]
[Termination "Fandorine won by resignation"]

1. e4 c5 2. Nf3 e6 3. d4 cxd4 4.
Nxd4 Nc6 5. Nc3 Qc7 6. f4 a6 7.
Nf3 Bc5 8. Qe2 d6 9. Be3 Bxe3 10.
Qxe3 b5 11. O-O-O Nge7 12. g4 Bb7 13. Kb1 b4 14. Ne2 d5 15. exd5 exd5 16. Ned4 O-O 17. Bd3 Ng6 18. Bxg6 fxg6 19. Ne6 Rae8 20. Rhe1 Qd6 21.
Qb6 Rxe6 22. Rxe6 Qxe6 23. Qxb7 Qxg4 24. Qxc6 Qxf3 25. Qxd5+ Qxd5 26. Rxd5 Rxf4 27. a4 bxa3 28. b3 h6 29. Ra5 Rh4 30. Rxa3 Rxh2 31. Rxa6 g5 32.
Ra4 Rh4 33. Ra8+ Kh7 34. Kb2 Rf4 35. Ra1 g4 36. c4 h5 37. c5 g3 38. c6 h4 39. Rc1 g2 40. c7 Rf8 41. b4 Rc8 42. b5 Rxc7 43. Rxc7 g1=Q 44. Rc4 Qf2+ 45. Kb3 h3 46.
Rc3 h2 47. Rh3+ Kg6 48. b6 h1=Q 49. Rxh1 Qf3+ 50. Kc4 Qxh1 51. b7 Qxb7 52. Kc5 Qf7 53. Kd6 Kh6 54. Ke5 g5 55. Kd6 g4 0-1

[Event "*** Titled Tuesday Blitz"]
[Site "Chess.com"]
[Date "2021.02.09"]
[Round "2"]
[White "onetowin"]
[Black "Dave_ChessMate"]
[Result "0-1"]
[WhiteElo "2005"]
[BlackElo "2369"]
[TimeControl "180+1"]
[EndTime "10:19:06 PST"]
[Termination "Dave_ChessMate won by checkmate"]

1. d4 Nf6 2. Nf3 c5 3. d5 e6 4.
Nc3 exd5 5. Nxd5 Nxd5 6. Qxd5 d6 7. Bf4 Nc6 8. e4 Be6 9. Qd2 Be7 10. Be2 O-O 11. O-O d5 12. exd5 Qxd5 13. Rad1 Qxa2 14. Qc3 Bf6 15. Ne5 Nxe5 16. Bxe5 Bxe5 17. Qxe5 Rfe8 18. Qxc5 Qxb2 19. Rb1 Qf6 20. Rxb7 Rac8 21. Qxa7 Bd5 22. Rd7 Bxg2 23. Kxg2 Rxe2 24. Qb7 Rexc2 25. Rd2 Rxd2 26. Qxc8+ Rd8 27. Qg4 h6 28. Re1 Rd4 29. Qf3 Qxf3+ 30. Kxf3 Rd3+ 31. Kg2 Ra3 32. Re4 g6 33.
Re7 Kg7 34. Re4 g5 35. Rc4 Kg6 36. Rc6+ f6 37. Rc5 h5 38. Rc6 h4 39. h3 Rb3 40.
Rd6 Kf5 41. Rc6 Rb5 42. Ra6 Ke5 43. Rc6 f5 44. Rg6 Kf4 45. Rf6 Rb4 46. Rd6 g4 47.
hxg4 fxg4 48. Rd3 Ra4 49. Rc3 Ra5 50. Rc2 Re5 51. Rc3 h3+ 52. Kh2 Ra5 53. Rb3 Ra2 54. Kg1 Kg5 55. Kf1 h2 56. Kg2 Rxf2+ 57. Kh1 Rf8 58. Rb5+ Kh4 59. Rb4 Kg3 60. Rb3+ Rf3 61. Rb4 Rf1# 0-1

[Event "*** Titled Tuesday Blitz"]
[Site "Chess.com"]
[Date "2021.02.09"]
[Round "2"]
[White "ENajer77"]
[Black "ybruned"]
[Result "1-0"]
[WhiteElo "2622"]
[BlackElo "2298"]
[TimeControl "180+1"]
[EndTime "10:19:08 PST"]
[Termination "ENajer77 won by resignation"]

1. e4 b6 2. d4 Bb7 3. Bd3 e6 4.
Nf3 d5 5. e5 c5 6. c3 Qc8 7. O-O Ba6 8. Re1 Bxd3 9. Qxd3 Qa6 10.
Qd1 Nc6 11. Nbd2 cxd4 12. Nxd4 Nxd4 13. cxd4 Ne7 14. Nf3 Nc6 15. Be3 Be7 16. h4 h6 17. h5 Rc8 18. a3 Na5 19. Nd2 O-O 20.
Qg4 Kh7 21. Rac1 Rxc1 22. Rxc1 Rc8 23. Qd1 Kg8 24. g3 Rxc1 25. Qxc1 Nc4 26. Nxc4 Qxc4 27.
Qd1 b5 28. b3 Qc3 29. a4 bxa4 30. bxa4 Bb4 31. Kg2 a5 32. Qe2 Qc4 33. Qxc4 dxc4 34. Kf3 Kf8 35. Ke4 Ke7 36. d5 exd5+ 37. Kxd5 c3 38.
Bc1 Kd7 39. g4 Ke7 40. f3 Kd7 41. f4 Ke7 42. f5 c2 43. Kc4 Be1 44. Kd3 Bg3 45.
f6+ gxf6 46. exf6+ Kxf6 47. Bxh6 Bh4 48. Kxc2 Bg5 49. Bxg5+ Kxg5 50. Kd3 f5 51. gxf5 Kxh5 52. Ke4 Kg5 53. Ke5 1-0

[Event "*** Titled Tuesday Blitz"]
[Site "Chess.com"]
[Date "2021.02.09"]
[Round "2"]
[White "GM_LOADING"]
[Black "MarceloPlaya"]
[Result "0-1"]
[WhiteElo "2469"]
[BlackElo "2294"]
[TimeControl "180+1"]
[EndTime "10:19:08 PST"]
[Termination "MarceloPlaya won by checkmate"]

1. d4 e6 2. Nf3 Nf6 3. Bg5 d5 4. Nbd2 c5 5. e3 Nc6 6. c3 h6 7. Bh4 Be7 8. Bd3 O-O 9. O-O b6 10. Ne5 Bb7 11. f4 Nd7 12. Bg3 f5 13. Ndf3 Ndxe5 14. fxe5 a5 15. a4 Ba6 16. Bxa6 Rxa6 17. Ne1 Bg5 18.
Qe2 Ra7 19. Nd3 c4 20. Ne1 Qe8 21. Nc2 Be7 22. Kh1 g6 23. Bf4 Kh7 24. g4 Rf7 25.
Qg2 Bf8 26. Rf2 g5 27. Bg3 fxg4 28. Rxf7+ Rxf7 29. e4 Qd7 30. Ne3 h5 31. exd5 exd5 32.
Nxd5 h4 33. Nf6+ Rxf6 34. exf6 hxg3 35. hxg3 Nd8 36. Qe4+ Kg8 37. Qg6+ Kh8 38. Re1 Nf7 39. Qe4 Nd6 40. Qe5 Qh7+ 41. Kg2 Nf7 42. Kf2 Nxe5 43. dxe5 Qd3 44. e6 Qf3+ 45. Kg1 Qxg3+ 46.
Kf1 Qf3+ 47. Kg1 g3 48. Rf1 Bc5+ 49. Rf2 Qxf2+ 50. Kh1 Qh2# 0-1

[Event "*** Titled Tuesday Blitz"]
[Site "Chess.com"]
[Date "2021.02.09"]
[Round "2"]
[White "Smile2005"]
[Black "FGHSMN"]
[Result "1/2-1/2"]
[WhiteElo "2334"]
[BlackElo "2628"]
[TimeControl "180+1"]
[EndTime "10:19:09 PST"]
[Termination "Game drawn by repetition"]

1. Nf3 Nf6 2. g3 b6 3. Bg2 Bb7 4. O-O e6 5. d3 c5 6. e4 d6 7. Nc3 Be7 8. Re1 Nbd7 9. Nd2 Qc7 10. a4 O-O 11. Nc4 a6 12. Bf4 Qc6 13. Ne3 Ne5 14.
Bxe5 dxe5 15. f4 b5 16. f5 c4 17. fxe6 fxe6 18. dxc4 b4 19. Nb1 Bc5 20. Qe2 Qb6 21.
Nd2 Ng4 22. Nf1 Rxf1+ 23. Bxf1 Bxe3+ 24. Kh1 Bxe4+ 25. Bg2 Bxg2+ 26. Kxg2 h5 27. h3 Qc6+ 28. Qf3 Qxf3+ 29. Kxf3 Rf8+ 30. Ke4 Bd2 31. hxg4 Bxe1 32. Rxe1 hxg4 33. Kxe5 Rf2 34. Re3 Rxc2 35. b3 Rc3 36.
Kd4 e5+ 37. Ke4 Rxe3+ 38. Kxe3 Kf7 39. Ke4 Ke6 40. Ke3 Kd6 41. Ke4 g6 42. Kd3 Ke6 43. Ke4 Kd6 44. Ke3 a5 45. Ke4 Ke6 46. c5 g5 47. c6 Kd6 48. c7 Kxc7 49. Kxe5 Kc6 50. Ke4 Kc5 51. Ke5 Kc6 52. Ke4 Kc5 53. Ke5 Kc6 1/2-1/2

[Event "*** Titled Tuesday Blitz"]
[Site "Chess.com"]
[Date "2021.02.09"]
[Round "2"]
[White "GianmarcoVaR"]
[Black "MVM2008"]
[Result "1-0"]
[WhiteElo "2595"]
[BlackElo "2113"]
[TimeControl "180+1"]
[EndTime "10:19:09 PST"]
[Termination "GianmarcoVaR won by resignation"]

1. e4 Nf6 2. e5 Nd5 3. d4 d6 4.
c4 Nb6 5. exd6 cxd6 6. Nc3 g6 7. Bd3 Bg7 8. Be3 O-O 9. Nge2 d5 10. c5 Nc4 11.
Bxc4 dxc4 12. Qa4 Be6 13. Nf4 Bxd4 14. Nxe6 Bxc3+ 15. bxc3 fxe6 16. Rd1 Qc8 17. Qxc4 Nc6 18. h4 h5 19. Qe4 Qe8 20. Qxe6+ Qf7 21. Qxf7+ Rxf7 22. Ke2 Rc8 23. Rd7 b6 24. cxb6 axb6 25. Bxb6 Rb8 26. Be3 Ne5 27. Rd4 Ng4 28. Rb4 Rc8 29.
Rc1 e5 30. a4 Rfc7 31. a5 Rxc3 32. Rxc3 Rxc3 33. a6 Ra3 34. a7 Nxe3 35. Rb8+ Kg7 36.
Rb7+ Kf6 37. fxe3 Kf5 38. Kf3 e4+ 39. Kf2 Kg4 40. Re7 Ra2+ 41. Kf1 Kf5 42. Kg1 Ra4 43.
Kh2 Ra2 44. Kg3 Ra3 45. Rf7+ Ke6 46. Rf8 Rxe3+ 47. Kf4 Re1 48. a8=Q Rf1+ 49. Kxe4 Re1+ 50. Kf3 Ra1 51. Qxa1 Ke7 52. Qf6+ Kd7 53. Rd8+ 1-0

[Event "*** Titled Tuesday Blitz"]
[Site "Chess.com"]
[Date "2021.02.09"]
[Round "2"]
[White "skoularikii"]
[Black "Godzillator"]
[Result "1-0"]
[WhiteElo "2493"]
[BlackElo "2280"]
[TimeControl "180+1"]
[EndTime "10:19:09 PST"]
[Termination "skoularikii won on time"]

1. e4 c6 2. d4 d5 3. e5 Bf5 4.
Nf3 e6 5. Be2 c5 6. Nbd2 Nc6 7. c3 cxd4 8. cxd4 Bb4 9. O-O Nge7 10. a3 Ba5 11. b4 Bb6 12. Bb2 Ng6 13. Nb3 Nf4 14. Rc1 Nxe2+ 15. Qxe2 Bg4 16. h3 Bh5 17. Qe3 O-O 18. Rfe1 Rc8 19. Nc5 Rc7 20. g4 Bg6 21. Nd2 Qc8 22. f4 a6 23. Ndb3 Ba7 24. Rf1 b6 25.
Nd3 Be4 26. Nf2 Bg6 27. Kg2 Ne7 28. Kg3 Qd7 29. Rxc7 Qxc7 30. Rc1 Qd7 31. Nd2 Rc8 32. Rxc8+ Qxc8 33. Qc3 Qxc3+ 34. Bxc3 Bc2 35. Nf1 Kf8 36. Ne3 Bb3 37. Nd3 g6 38. f5 gxf5 39. gxf5 Bb8 40.
f6 Ng6 41. Kg4 Ba4 42. h4 Bb5 43. Nc1 Kg8 44. Kg5 Bc7 45. Ng4 a5 46. Nh6+ Kf8 47. h5 Nh8 48. Ng4 Bc4 49. bxa5 bxa5 50. Ne3 Bb5 51. Kh6 Kg8 52. Nb3 a4 53. Nc5 Bb6 54.
Ng2 Bc4 55. Nf4 Bb3 56. Bb4 Bxc5 57. dxc5 Bc4 58. c6 Ba6 59. c7 d4 60. Nd3 1-0

[Event "*** Titled Tuesday Blitz"]
[Site "Chess.com"]
[Date "2021.02.09"]
[Round "2"]
[White "Sergey85Rodchenkov"]
[Black "12teen"]
[Result "0-1"]
[WhiteElo "2503"]
[BlackElo "2814"]
[TimeControl "180+1"]
[EndTime "10:19:10 PST"]
[Termination "12teen won on time"]

1. e4 e6 2. d4 a6 3. Nf3 b5 4.
Bd3 Bb7 5. O-O Nf6 6. Re1 d5 7. e5 Nfd7 8. a4 b4 9. Nbd2 c5 10. c3 Nc6 11. Nf1 Qb6 12. Be3 c4 13. Bb1 bxc3 14.
bxc3 Qb2 15. Bc2 Qb6 16. Rb1 Qc7 17. h4 Na5 18. Ng5 Be7 19. Qh5 g6 20. Qf3 O-O 21. h5 Bc6 22. Nxh7 Nxe5 23. dxe5 d4 24. Nf6+ Kg7 25. Qg3 dxe3 26. Nxe3 Rac8 27. hxg6 Bxf6 28.
exf6+ Kxf6 29. Qh4+ Kg7 30. Qh7+ Kf6 31. Ng4+ Ke7 32. Qh4+ f6 33. Qh7+ Kd6 34. Red1+ Bd5 35. g7 Rg8 36. Nxf6 Rxg7 37. Qh2+ Kc6 38. Nxd5 Qxh2+ 39. Kxh2 exd5 40. g3 Rh8+ 41. Kg2 Nb7 42. Bf5 Nc5 43.
Re1 Rf8 44. Bc2 Rgf7 45. Re2 Rg7 46. a5 Kc7 47. Rb6 Rd7 48. Re5 Rfd8 49. g4 Rf8 50. Bf5 Rd6 51. Rxd6 Kxd6 52. Bc2 Kxe5 53. Kg3 Ne4+ 0-1

[Event "*** Titled Tuesday Blitz"]
[Site "Chess.com"]
[Date "2021.02.09"]
[Round "2"]
[White "TomasKapitanchuk"]
[Black "ckgchess"]
[Result "1-0"]
[WhiteElo "2503"]
[BlackElo "2724"]
[TimeControl "180+1"]
[EndTime "10:19:10 PST"]
[Termination "TomasKapitanchuk won on time"]

1. e4 c5 2. Nf3 d6 3. Bb5+ Nd7 4.
O-O a6 5. Bd3 Ngf6 6. c3 g6 7.
Re1 Bg7 8. Bc2 e5 9. d4 exd4 10.
cxd4 O-O 11. Nc3 Re8 12. e5 dxe5 13. dxe5 Ng4 14. e6 Rxe6 15. Rxe6 fxe6 16. Ng5 Nxf2 17. Kxf2 Bd4+ 18. Kf1 Qe7 19. Nf3 e5 20. Bg5 Qf7 21.
Qe2 Nf8 22. Be3 Be6 23. Kg1 Re8 24. Qf2 h6 25. Rf1 Qg7 26. Nd2 Qf7 27. Qxf7+ Bxf7 28.
Re1 Rd8 29. Nde4 Kg7 30. Nxc5 b6 31. Nxa6 Ne6 32. Nb4 Bxe3+ 33. Rxe3 Nd4 34. Be4 Rc8 35. Nc2 Nf5 36. Bxf5 gxf5 37. Rxe5 Kf6 38. Rb5 Rc6 39. Nd4 Rd6 40. Rxf5+ Kg6 41. Rf4 h5 42. h4 Rd8 43.
Nce2 Rc8 44. b3 Ra8 45. a4 Bg8 46. Rf3 Rc8 47. Rg3+ Kf6 48. Rc3 Rd8 49. Rc6+ Ke5 50. Rxb6 Ke4 51. Kh2 Ke3 52. a5 Bd5 53. Rg6 Rf8 54.
a6 Kd2 55. a7 Rf7 56. Rd6 Ba8 57. Ng3 Rf2 58. Nf3+ Kc3 59. Kh3 Bxf3 60. gxf3 Rxf3 61. a8=Q 1-0

[Event "*** Titled Tuesday Blitz"]
[Site "Chess.com"]
[Date "2021.02.09"]
[Round "2"]
[White "chess4life23"]
[Black "MPGM"]
[Result "1-0"]
[WhiteElo "2322"]
[BlackElo "2606"]
[TimeControl "180+1"]
[EndTime "10:19:10 PST"]
[Termination "chess4life23 won by resignation"]

1. d4 Nf6 2. c4 e6 3. Nf3 b6 4. a3 Bb7 5. Nc3 d5 6. cxd5 exd5 7. Bg5 Be7 8. e3 O-O 9. Be2 Nbd7 10. Rc1 h6 11. Bh4 c5 12. O-O c4 13. Ne5 a6 14. f4 b5 15. Bf3 Nb6 16. g4 Ne8 17.
Bg3 Nd6 18. Qe1 a5 19. h4 b4 20. axb4 axb4 21. Ne2 Ra2 22. g5 Nf5 23. gxh6 Nxh6 24. Rf2 Rxb2 25. Rg2 Nf5 26. Bf2 Bxh4 27. Bg4 Bxf2+ 28.
Qxf2 Bc8 29. Bxf5 Bxf5 30. Qg3 Qf6 31. Rh2 c3 32. Qf3 Rxe2 33. Qxe2 g6 34. Kg2 Kg7 35. Rch1 Rg8 36. Rh7+ Kf8 37. Rxf7+ Qxf7 38. Nxf7 Kxf7 39. Qb5 Nd7 40. Kf2 c2 41. Rc1 Rb8 42. Qxd5+ Be6 43. Qd6 b3 44. f5 gxf5 45. Qe5 b2 46. d5 Re8 47. dxe6+ Rxe6 48. Qxb2 Nc5 49. Qxc2 Ne4+ 50. Kg2 Rd6 51. Qc7+ Ke6 52. Qc8+ Ke5 53. Qh8+ Kd5 54.
Rd1+ Kc4 55. Rxd6 Nxd6 56. Qd4+ 1-0

[Event "*** Titled Tuesday Blitz"]
[Site "Chess.com"]
[Date "2021.02.09"]
[Round "2"]
[White "mjray79"]
[Black "exoticprincess"]
[Result "0-1"]
[WhiteElo "2521"]
[BlackElo "2845"]
[TimeControl "180+1"]
[EndTime "10:19:11 PST"]
[Termination "exoticprincess won on time"]

1. d4 c6 2. c4 d5 3. Nf3 Nf6 4.
Nc3 dxc4 5. a4 a5 6. Ne5 Ng4 7. Nxc4 e5 8. e3 Bb4 9. Be2 exd4 10. exd4 Nf6 11. O-O h6 12. Bf3 Be6 13. Ne5 O-O 14. Be3 Re8 15. Rc1 Na6 16. Be2 Nc7 17.
f4 Ncd5 18. Nxd5 Bxd5 19. Bf3 Bxf3 20. Qxf3 Qd5 21. Qe2 Rad8 22. f5 Qb3 23. Rf3 Qxa4 24. g4 Qb5 25. Qg2 Qd5 26. g5 hxg5 27. Qxg5 Bf8 28.
Rh3 Qe4 29. Rh4 Rxe5 30. dxe5 Qxe5 31. Bf4 Bc5+ 32. Kg2 Qe4+ 33. Kh3 Rd3+ 34. Bg3 Be3 35. Qxf6 gxf6 36. Rxe4 Bxc1 37. Re8+ Kg7 38. Ra8 Bxb2 39.
Rxa5 Be5 40. Kg4 Bxg3 41. hxg3 b5 42. Ra6 Rd4+ 43. Kh5 Rc4 44. g4 b4 45. Rb6 c5 46. g5 fxg5 47. f6+ Kh7 48. Rb7 Kg8 49. Rb8+ Kh7 50. Rf8 g4 51. Rxf7+ Kg8 52. Kg6 g3 53. Rd7 Rg4+ 54. Kf5 g2 55. Rd8+ Kh7 0-1

[Event "*** Titled Tuesday Blitz"]
[Site "Chess.com"]
[Date "2021.02.09"]
[Round "2"]
[White "Zmeeed63"]
[Black "Piccadilly123"]
[Result "1-0"]
[WhiteElo "2415"]
[BlackElo "2185"]
[TimeControl "180+1"]
[EndTime "10:19:11 PST"]
[Termination "Zmeeed63 won by resignation"]

1. d4 Nf6 2. c4 e5 3. dxe5 Ng4 4. Bf4 Nc6 5. Nf3 Bb4+ 6. Nbd2 Qe7 7. e3 Ncxe5 8.
Nxe5 Nxe5 9. Be2 O-O 10. O-O a5 11. Nb3 d6 12. a3 Bc5 13. Nxc5 dxc5 14. Qd5 Ng6 15. Bg5 Qe5 16. Qxe5 Nxe5 17. Be7 Re8 18. Bxc5 Be6 19. Rac1 Rad8 20. Bd4 Nc6 21. Bc3 f6 22.
Rfd1 Kf7 23. f3 b6 24. Kf2 Nb8 25. Rxd8 Rxd8 26. c5 Ke7 27. Bd4 Nd7 28. cxb6 cxb6 29. Rc7 Kd6 30. Ra7 Rc8 31. Bc3 Rc7 32. Rxc7 Kxc7 33. e4 Kd6 34. h4 Kc5 35. b4+ axb4 36. axb4+ Kd6 37. f4 g6 38. g4 f5 39. exf5 gxf5 40.
g5 Kd5 41. Ke3 Bf7 42. Bd3 Bg6 43. h5 Bxh5 44. Bxf5 Nf8 45. Bg7 Bg6 46. Bxg6 Nxg6 47.
Bd4 Kc4 48. f5 Ne7 49. f6 Ng6 50. f7 Kxb4 51. Bg7 b5 52. f8=Q+ Nxf8 53. Bxf8+ Kc4 54.
Kf4 Kd5 55. Kf5 Kc6 56. Kf6 Kd5 57. Kg7 Ke5 58. Kxh7 Kf5 59. g6 1-0

[Event "*** Titled Tuesday Blitz"]
[Site "Chess.com"]
[Date "2021.02.09"]
[Round "2"]
[White "ChristopherYoo"]
[Black "KononenkoD"]
[Result "1-0"]
[WhiteElo "2883"]
[BlackElo "2532"]
[TimeControl "180+1"]
[EndTime "10:19:13 PST"]
[Termination "ChristopherYoo won by resignation"]

1. Nf3 c5 2. c4 Nc6 3. Nc3 g6 4. d3 Bg7 5. Qd2 d6 6. b3 Bg4 7. Bb2 Bxf3 8. gxf3 e6 9. Bg2 Nge7 10. f4 O-O 11. Ne4 Nf5 12. O-O Nh4 13. Bxg7 Kxg7 14.
Qb2+ e5 15. fxe5 dxe5 16. f4 Qd4+ 17. Qxd4 Nxd4 18. fxe5 Nxe2+ 19. Kh1 Rad8 20. Rae1 Nd4 21. Nxc5 Nxg2 22. Kxg2 b6 23. Ne4 Nf5 24. e6 Rxd3 25. Kg1 fxe6 26. Ng5 Rf6 27. Nxe6+ Kf7 28. Ng5+ Kg7 29.
Re2 Rfd6 30. Ne6+ Kf6 31. Nf4 Rd2 32. Rfe1 Rxe2 33. Rxe2 Rd1+ 34. Kg2 Ra1 35. Nd5+ Kg5 36. Nc3 h5 37. Ne4+ Kf4 38. Nf6 h4 39. Nd5+ Kg5 40.
h3 Ng3 41. Rd2 Ne4 42. Re2 Ng3 43. Rc2 Ne4 44. Ne3 Kf4 45. Ng4 g5 46. Nh2 Ng3 47. Nf3 Ke3 48. Nxg5 Ne2 49. Ne6 Rg1+ 50. Kh2 Kf2 51.
Rxe2+ Kf1 52. Re1+ Kxe1 53. Kxg1 Ke2 54. Nd4+ Ke3 55.
Nc6 Kd3 56. Nxa7 Kc3 57. Nc8 Kb2 58. Nxb6 Kxa2 59. c5 Kxb3 60. c6 Kb4 61. c7 Kb5 62.
c8=Q Kxb6 63. Qg4 Kb5 64. Qxh4 Ka5 65. Qg4 1-0

[Event "*** Titled Tuesday Blitz"]
[Site "Chess.com"]
[Date "2021.02.09"]
[Round "2"]
[White "dragos420"]
[Black "MrTattaglia"]
[Result "0-1"]
[WhiteElo "2501"]
[BlackElo "2791"]
[TimeControl "180+1"]
[EndTime "10:19:13 PST"]
[Termination "MrTattaglia won by resignation"]

1. e4 c5 2. Nf3 d6 3. d4 cxd4 4. Nxd4 Nf6 5. Nc3 a6 6. Be3 e5 7. Nb3 Be6 8. f4 Ng4 9. Bc1 exf4 10. Bxf4 Qf6 11. Qd2 Nc6 12. O-O-O Be7 13. h3 Nge5 14.
Nd5 Bxd5 15. exd5 Nb8 16. g4 Nbd7 17. Bg2 O-O 18. Rhf1 Qg6 19. Nd4 Bf6 20. Qe2 Bg5 21. Kb1 Bxf4 22. Rxf4 Rfe8 23. Nf5 Nc5 24. Qf2 Rad8 25.
Rf1 Kh8 26. Nh4 Qg5 27. Rf5 Qe7 28. Nf3 Ne4 29. Qe1 Nxf3 30. R5xf3 Ng5 31. Qxe7 Rxe7 32.
Rf5 f6 33. h4 Nf7 34. g5 Rde8 35. a4 Re1+ 36. Rxe1 Rxe1+ 37. Ka2 Re2 38. Bh3 Re3 39. Bg2 Re2 40. Bf3 Re5 41. Rxe5 Nxe5 42. Be4 fxg5 43.
hxg5 h5 44. gxh6 gxh6 45. Bf5 a5 46. b4 b6 47. bxa5 bxa5 48. Kb3 Kg7 49. Kc3 Kf6 50. Bh3 h5 51. Kd4 h4 52. c4 Nf3+ 53.
Ke3 Ng5 54. Bg2 Ke5 55. Kd3 h3 56. Bh1 h2 57. Ke3 Nh3 58. Kf3 Kd4 59. Kg3 Ng5 60. Kf4 Nf7 61. Kf5 Ne5 62. Ke6 Nxc4 63. Bg2 Kc3 0-1

[Event "*** Titled Tuesday Blitz"]
[Site "Chess.com"]
[Date "2021.02.09"]
[Round "2"]
[White "alexrustemov"]
[Black "StockholmMissile"]
[Result "1-0"]
[WhiteElo "2757"]
[BlackElo "2493"]
[TimeControl "180+1"]
[EndTime "10:19:13 PST"]
[Termination "alexrustemov won by resignation"]

1. d4 d5 2. c4 c6 3. Nc3 Nf6 4. e3 e6 5. Nf3 a6 6. c5 Nbd7 7. Bd3 g6 8. b4 Bg7 9. Bb2 O-O 10.
h3 Ne8 11. Ne2 Qe7 12. O-O f6 13. e4 dxe4 14. Bxe4 f5 15. Bd3 e5 16. Bc4+ Kh8 17.
dxe5 Nxe5 18. Nxe5 Bxe5 19. Qb3 Bxb2 20. Qxb2+ Qf6 21.
Qxf6+ Nxf6 22. Nd4 Bd7 23. Nb3 Rad8 24. Na5 Bc8 25. Rad1 Kg7 26. f3 Rfe8 27. Kf2 Kf8 28. a3 f4 29. Rxd8 Rxd8 30. Re1 Rd2+ 31. Re2 Rxe2+ 32.
Kxe2 Ke7 33. Kd2 Nd7 34. Kc3 Ne5 35. Kd4 Kf6 36. Be2 g5 37. Nb3 h6 38. Nd2 Bf5 39.
Kc3 Ke6 40. Nb3 Kf6 41. Na5 Bc8 42. Kd4 Ke6 43. Bd3 Kf6 44. Be4 h5 45. a4 Ke6 46. b5 axb5 47. axb5 cxb5 48. Bd5+ Kf6 49. Nxb7 b4 50. Nd6 Bd7 51. Ne4+ Kf5 52. Nxg5 Nc6+ 53. Bxc6 Bxc6 54. Ne4 h4 55. Kc4 Ke5 56. Kxb4 Bxe4 57. fxe4 Kxe4 58. c6 Ke3 59. c7 Kf2 60. c8=Q Kxg2 61.
Qg4+ 1-0

[Event "*** Titled Tuesday Blitz"]
[Site "Chess.com"]
[Date "2021.02.09"]
[Round "2"]
[White "Susal_De_Silva"]
[Black "dpopadic"]
[Result "1/2-1/2"]
[WhiteElo "2621"]
[BlackElo "2334"]
[TimeControl "180+1"]
[EndTime "10:19:13 PST"]
[Termination "Game drawn by repetition"]

1. e4 c5 2. Nf3 Nc6 3. Bb5 e5 4.
O-O Bd6 5. c3 Qc7 6. d4 cxd4 7.
cxd4 exd4 8. Re1 Nge7 9. h3 O-O 10. Nxd4 Bf4 11. Nc3 Bxc1 12. Rxc1 a6 13. Ba4 b5 14. Bb3 Qe5 15. Nf3 Qh5 16. Nd5 Nxd5 17. exd5 Na5 18.
Bc2 d6 19. Qd3 g6 20. Bb1 Bf5 21. Qc3 Bxb1 22. Qxa5 Bf5 23. Nd4 Bd7 24. Nc6 Rfe8 25. Qc7 Bf5 26. Qxd6 Qg5 27. Kh1 h5 28. Qg3 Qf6 29.
Rxe8+ Rxe8 30. Rd1 Qxb2 31. d6 Qc2 32. Ne7+ Rxe7 33.
dxe7 Qxd1+ 34. Kh2 Bd7 35. Qb8+ Kg7 36. Qf8+ Kf6 37.
e8=Q Bxe8 38. Qxe8 Qd6+ 39. g3 Qe6 40. Qh8+ Ke7 41. Qa8 Qxa2 42. Qa7+ Kf8 43. Qb8+ Kg7 44. Qe5+ Kh7 45. g4 Qxf2+ 46. Kh1 Qf3+ 47. Kh2 hxg4 48. hxg4 Qxg4 49. Qe8 Qf4+ 50. Kh1 Kg7 51. Qa8 Qf6 52. Qb7 Qe6 53. Qb8 Qf6 54. Qb7 Qe6 55. Qb8 Qf6 56.
Qb7 1/2-1/2

[Event "*** Titled Tuesday Blitz"]
[Site "Chess.com"]
[Date "2021.02.09"]
[Round "2"]
[White "1977Ivan"]
[Black "djano"]
[Result "0-1"]
[WhiteElo "2671"]
[BlackElo "2481"]
[TimeControl "180+1"]
[EndTime "10:19:14 PST"]
[Termination "djano won on time"]

1. d4 d5 2. c4 c6 3. Nf3 Nf6 4. Nc3 a6 5. Bg5 Ne4 6. h4 b5 7. cxd5 cxd5 8. e3 Bg4 9. Qb3 h6 10. Bf4 Nxc3 11. Qxc3 Bxf3 12. gxf3 Nd7 13. Bc7 Qc8 14.
Rc1 e6 15. Bd3 Be7 16. Ke2 Qb7 17. Qc6 Qxc6 18. Rxc6 O-O 19. h5 Rfc8 20. Rhc1 Nf6 21. Be5 Rxc6 22. Rxc6 Nxh5 23. b3 Nf6 24. a4 bxa4 25.
bxa4 a5 26. Bc7 Bb4 27. Rb6 Rc8 28. Rb7 Ne8 29. Be5 f6 30. Bb8 f5 31. Bb5 Rc2+ 32.
Kf1 Nd6 33. Bxd6 Bxd6 34. Bd7 Kf7 35. Rb6 Ke7 36. Bb5 f4 37. Rb7+ Kf6 38. e4 dxe4 39. fxe4 e5 40. d5 Bc5 41. f3 Rf2+ 42. Ke1 Rxf3 43. Rc7 Re3+ 44. Kd2 Bb4+ 45. Kc2 f3 46. Rc6+ Kg5 47. d6 Rxe4 48. d7 Rd4 49. Rc8 Be7 50. Re8 Kf6 51. Kc3 Rd1 52. Kc2 Rd6 53. Kc3 e4 0-1

[Event "*** Titled Tuesday Blitz"]
[Site "Chess.com"]
[Date "2021.02.09"]
[Round "2"]
[White "bocah_sakit"]
[Black "LucaBrasi1968"]
[Result "1/2-1/2"]
[WhiteElo "2837"]
[BlackElo "2533"]
[TimeControl "180+1"]
[EndTime "10:19:16 PST"]
[Termination "Game drawn - insufficient material"]

1. e4 c6 2. d4 d5 3. Nd2 dxe4 4. Nxe4 Bf5 5. Ng3 Bg6 6. Nf3 Nf6 7. Ne5 Nbd7 8.
Nxg6 hxg6 9. Bc4 e6 10. Bf4 Nb6 11. Bb3 Bd6 12. Qf3 Bxf4 13. Qxf4 Qb8 14. Qd2 Qd6 15.
O-O-O O-O-O 16. h3 Kb8 17. Rhe1 Rd7 18. c3 c5 19. Qe3 cxd4 20. Rxd4 Qc7 21. Red1 Rhd8 22.
Ne2 Rxd4 23. Rxd4 Rxd4 24. Nxd4 a6 25. Nf3 Nbd5 26. Qe5 Nf4 27. Qxc7+ Kxc7 28. Ng5 Nxg2 29. Nxf7 Nf4 30. Ng5 Kd6 31. Kd2 Ke5 32. Ke3 N6d5+ 33. Kd2 Nf6 34. Bc2 b5 35. Ke3 N6d5+ 36. Kf3 Kf6 37. h4 e5 38. Ne4+ Ke7 39. Nc5 a5 40.
Nb7 a4 41. Nc5 a3 42. bxa3 Nxc3 43. Bb3 Kd6 44. Ne4+ Nxe4 45. Kxe4 Ng2 46. Bd1 Nxh4 47. Be2 Nf5 48. Bxb5 Nd4 49. Bd3 g5 50. a4 Nc6 51.
Kf5 Kc5 52. Be4 Na5 53. Kxe5 Kb4 54. Kf5 Kxa4 55. Bd5 Kb4 56. Kxg5 Kc5 57. Bf7 Kd4 58. f4 Nc6 59. f5 Ke5 60. Be6 Nd4 61. Bc8 Nc6 62. Bd7 Ne7 63. a4 Kd6 64. Be6 g6 65. f6 Kxe6 66. fxe7 Kxe7 67. a5 Kd6 68. a6 Kc7 69. a7 Kb7 70. a8=Q+ Kxa8 71. Kxg6 1/2-1/2

[Event "*** Titled Tuesday Blitz"]
[Site "Chess.com"]
[Date "2021.02.09"]
[Round "2"]
[White "Rozum_Ivan"]
[Black "stasiek18"]
[Result "1-0"]
[WhiteElo "2732"]
[BlackElo "2405"]
[TimeControl "180+1"]
[EndTime "10:19:18 PST"]
[Termination "Rozum_Ivan won by resignation"]

1. e4 e6 2. d4 d5 3. Nd2 c5 4. Ngf3 cxd4 5. Nxd4 Nc6 6. Bb5 Bd7 7. Nxc6 bxc6 8. Ba4 Bd6 9. c4 Nf6 10. Qe2 dxe4 11.
O-O Qa5 12. Bc2 Qe5 13. g3 e3 14. f4 Qa5 15. Nb3 Qa6 16. Bxe3 O-O 17. Rfd1 Be7 18.
Nc5 Bxc5 19. Bxc5 Rfe8 20. Bd4 Qb7 21. Rd2 c5 22. Bxc5 Bc6 23. Bd4 Rad8 24. Qe5 Rd7 25. Qg5 h6 26. Qc5 Red8 27. Rad1 Ne4 28. Bxe4 Bxe4 29.
Qe5 f6 30. Qxe6+ Kh7 31. b3 Bh1 32. Qf5+ Kh8 33. Qh3 Bf3 34. Re1 Rxd4 35. Rxd4 Rxd4 36. Re8+ Kh7 37. Qf5+ g6 38. Qe6 Rd1+ 39. Kf2 Qb6+ 40. Kxf3 Qxe6 41. Rxe6 Rd2 42. Re7+ Kg8 43. Rxa7 Rxh2 44.
c5 Rc2 45. b4 h5 46. a4 Rc3+ 47. Kf2 g5 48. fxg5 fxg5 49. a5 g4 50. a6 Rc2+ 51. Ke3 Rc3+ 52. Kf4 Rf3+ 53. Kg5 Rxg3 54. Rb7 Ra3 55. a7 g3 56. Rb8+ Kf7 57. a8=Q Rxa8 58.
Rxa8 g2 59. Ra1 1-0